Map: Deathaura LE

Players

meeK - Winner!

  • Race: Terran Terran
  • League: Diamond
  • Spawn Location: 11:00

VeloxFelidae

  • Race: Terran Terran
  • League: Platinum
  • Spawn Location: 5:00

VOD

Have the link to the VOD?

Description

Time

  • Played on: July 8, 2020, 5:23 a.m.
  • Length: 5:15
Show
View Real Time Build Order
Export as new Build Order

meeK Terran - Winner!

Build Orders: Liberator Opening 

Get SALT Encoding   

  12  0:00  SCV  
  13  0:13  SCV  
  14  0:23  Supply Depot  
  14  0:25  SCV  
  15  0:44  SCV  
  15  0:47  Barracks  
  16  0:50  Refinery  
  16  0:56  SCV  
  17  1:09  SCV  
  18  1:21  SCV  
  19  1:27  Refinery  
  19  1:34  Orbital Command  
  19  1:35  Supply Depot, Marine  
  20  1:49  Refinery  
  20  1:51  Factory  
  20  2:10  SCV  
  20  2:12  Barracks Tech Lab  
  21  2:22  SCV  
  22  2:39  Starport  
  22  2:41  Barracks Reactor, Supply Depot  
  22  2:45  Hellion  
  22  2:46  SCV  
  25  3:05  SCV  
  26  3:06  Siege Tank  
  26  3:09  Engineering Bay  
  29  3:17  Marine x2  
  31  3:21  Liberator  
  34  3:31  Supply Depot  
  34  3:34  Marine x2  
  34  3:37  Missile Turret  
  36  3:45  Siege Tank  
  39  3:52  Marine x2  
  41  4:03  Command Center  
  41  4:05  Medivac  
  43  4:12  Marine x2  
  45  4:19  SCV  
  46  4:24  Supply Depot  
  46  4:33  Marine  
  47  4:41  Supply Depot  
  47  4:45  Marine  
Show
View Real Time Build Order
Export as new Build Order

VeloxFelidae Terran 

Build Orders:  

Get SALT Encoding   

  12  0:00  SCV  
  13  0:12  SCV  
  14  0:17  Supply Depot  
  14  0:25  SCV  
  15  0:40  SCV, Barracks  
  16  0:46  Refinery  
  16  0:52  SCV  
  17  1:04  SCV  
  18  1:23  SCV  
  20  1:34  Command Center  
  20  1:37  Reaper  
  20  2:00  Orbital Command  
  20  2:09  Reaper  
  20  2:10  Supply Depot  
  21  2:23  Refinery  
  21  2:27  Factory  
  21  2:29  SCV  
  22  2:41  SCV  
  22  2:43  Barracks Reactor  
  23  2:49  Engineering Bay  
  23  2:50  SCV  
  24  2:58  SCV  
  24  3:02  SCV  
  26  3:10  SCV  
  27  3:12  Starport  
  27  3:19  Orbital Command  
  27  3:23  SCV, Factory Tech Lab  
  28  3:30  Missile Turret  
  28  3:45  SCV x2  
  30  3:53  Orbital Command, Starport Tech Lab  
  30  3:54  Marine x2, Siege Tank  
  35  4:07  Barracks  
  35  4:08  SCV  
  35  4:09  Barracks  
  36  4:25  SCV x2  
  36  4:27  Refinery  
  36  4:28  Missile Turret  
  38  4:32  Refinery  
  38  4:41  Missile Turret  
  38  4:43  SCV x2  
  38  4:44  Missile Turret  
  40  4:56  Marine x2  
  40  4:59  SCV x2  
Tags
 
Add a new tag
Caveats
  • Supply blocks, unpowered buildings, or Contaminate may cause inaccurate times.
  • Supply counts are checked every 10 seconds.